 Dungeon Crawl Stone Soup version 0.31-a0-214-gb37851dbb3 (webtiles) character file.

Game seed: 7586493034170414872

6247 qw the Cleaver (level 10, -1/64 HPs)
             Began as a Gargoyle Fighter on June 30, 2023.
             Was a Follower of Okawaru.
             Slain by a vampire (9 damage)
             ... on level 2 of the Abyss.
             The game lasted 00:05:28 (8030 turns).

qw the Cleaver (Gargoyle Fighter)                   Turns: 8030, Time: 00:05:28

Health: -1/64      AC: 30    Str: 22    XL:     10   Next: 93%
Magic:  11/11      EV: 13    Int:  9    God:    Okawaru [*.....]
Gold:   530        SH: 18    Dex:  9    Spells: 9/9 levels left

rFire   + + .        Y - +1 war axe (protect)
rCold   + . .        o - +1 kite shield {rF+}
rNeg    + . .        b - +1 plate armour
rPois   inf          (no helmet)
rElec   +            j - scarf {rC+ rF+}
rCorr   .            (no gloves)
SInv    .            (no boots)
Will    .....        h - amulet of reflection Stlth
                     f - +5 ring of evasion
HPRegen 0.30/turn    (no ring)
MPRegen 0.12/turn

%: reflection
@: about to teleport, heroic, under a protective aura
A: sickness immunity, AC +7, negative energy resistance 1, electricity
resistance, torment resistance 1, petrification resistance, low MP 1, weak 1
a: Renounce Religion, Heroism


You were on level 2 of the Abyss.
You worshipped Okawaru.
Okawaru was aware of your devotion.
You visited 2 branches of the dungeon, and saw 8 of its levels.
You visited the Abyss 1 time.

You collected 530 gold pieces.


Innate Abilities, Weirdness & Mutations

You are immune to sickness and miasma.
Your stone body is resilient. (AC +7)
You are immune to poison.
You resist negative energy. (rN+)
You are resistant to electric shocks. (rElec)
You are resistant to unholy torment.
You are immune to petrification.
Your magical capacity is low. (-10% MP)
You are weak. (Str -2)


   Skills:
 + Level 7.8(12.8) Fighting
 - Level 10.1(15.1) Axes
 - Level 1.1(6.1) Throwing
 - Level 6.3(11.3) Armour
 - Level 1.0(6.0) Dodging
 - Level 9.0(14.0) Shields
 - Level 4.1 Invocations


You had 9 spell levels left.
You didn't know any spells.
Your spell library was empty.

Inventory:

Hand Weapons
 q - a +0 hand axe of flaming
 Y - a +1 war axe of protection (weapon)
Missiles
 c - 4 boomerangs (quivered)
Armour
 b - a +1 plate armour (worn)
 j - a scarf of resistance (worn)
 o - a +1 kite shield of fire resistance (worn)
 r - +0 acid dragon scales
Jewellery
 f - a +5 ring of evasion (left hand)
 h - an amulet of reflection (around neck)
Scrolls
 a - 9 scrolls of identify
Potions
 d - 2 potions of might
 e - 3 potions of mutation
 g - 2 potions of haste
 i - 3 potions of lignification
 k - a potion of resistance

Dungeon Overview and Level Annotations

Branches:
Dungeon (7/15)             Temple (1/1) D:7

Altars:
Ashenzari
Cheibriados
Dithmenos
Elyvilon
Fedhas
Gozag
Hepliaklqana
Kikubaaqudgha
Makhleb
Nemelex Xobeh
Okawaru
Qazlal
Ru
Sif Muna
Trog
Uskayaw
Vehumet
Wu Jian
Xom
Yredelemnul
Zin
The Shining One

Annotations:
D:3 2 runed translucent doors, qw's ghost, weakling DEHu
D:7 exclusions: orc and 4 wargs


Message History

The starcursed mass is moderately damaged.
You slash the starcursed mass! You hit the starcursed mass.
The starcursed mass shudders and is absorbed by its neighbour. x3
You slice the starcursed mass!!
You destroy the starcursed mass!
Okawaru accepts your kill.
You slash something! You block something's attack.
Something bites you but does no damage.
You slash the starcursed mass!
The starcursed mass is heavily damaged.
You hit something. You hit the starcursed mass.
You hit the starcursed mass but do no damage.
The starcursed mass shudders and is absorbed by its neighbour. x2
A starcursed mass splits.
A chorus of shrieks assaults your mind. Something hits you but does no damage.
Something barely misses you.
You hit the starcursed mass but do no damage.
The starcursed mass is moderately damaged.
You hit the starcursed mass. You closely miss something.
The starcursed mass shudders and is absorbed by its neighbour.
The starcursed mass shrieks in your mind.
You block something's attack. Something completely misses you.
8027 ||| READING scroll of teleportation.
As you read the scroll of teleportation, it crumbles to dust.
You feel strangely unstable.
You feel the power of the Abyss delaying your translocation!
A starcursed mass splits.
Something hits you but does no damage. You block something's attack.
You hit the starcursed mass but do no damage.
The starcursed mass is moderately damaged.
You miss something. A chorus of shrieks assaults your mind.
You hit the starcursed mass.
The starcursed mass is heavily damaged.
You hit something but do no damage.
The starcursed mass shudders and is absorbed by its neighbour.
Something hits you but does no damage. Something bites you but does no damage.
A starcursed mass splits.
Something hits you!
You die...

. #... ## . .#..
...#.. .... . .
..... #... # .. .#
#.. . .# ##.#
##.##
##.X.###...##
..#..X..#.....#...
.......@{........
..#.....#.....#...
##...###...### ..
##.# #.## .# #..
..# . #... ....#
.... ...... .#..
...#


You could see 2 starcursed masses.

Vanquished Creatures
  A hell knight (Abyss:1)
  Maggie (D:6)
  A harpy zombie (Abyss:2)
  A troll (D:7)
  Grinder (D:6)
  A wyvern (D:7)
  Eustachio (D:4)
  A basilisk (D:7)
  2 large abominations
  2 wargs (D:7)
  A water moccasin (D:6)
  3 orc warriors (D:7)
  A sky beast (D:7)
  2 ice beasts
  11 ogres
  3 centaurs
  2 kobold brigands (D:7)
  A phantom (D:5)
  4 scorpions
  4 gnoll sergeants (D:7)
  4 howler monkeys
  9 hounds
  2 gnoll boudas
  A jelly (D:4)
  2 orc priests (D:7)
  A starcursed mass (Abyss:2)
  3 iguanas
  A sleepcap (D:6)
  12 orc wizards (D:7)
  17 gnolls
  12 adders
  2 shadow imps (D:7)
  2 white imps
  3 ufetubi
  4 worms
  2 dart slugs
  21 orcs
  9 ball pythons
  6 endoplasms
  A giant cockroach (D:4)
  9 goblins
  9 hobgoblins
  5 jackals (D:2)
  8 kobolds
  4 quokkas
  6 bats
  8 rats
207 creatures vanquished.

Vanquished Creatures (collateral kills)
  An orc (D:5)
1 creature vanquished.

Grand Total: 208 creatures vanquished

Notes
Turn   | Place    | Note
-------+----------+-------------------------------------------
     0 | D:1      | qw the Gargoyle Fighter began the quest for the Orb.
     0 | D:1      | Reached XP level 1. HP: 14/14 MP: 1/1
     0 | D:1      | 0 ||| qw: Version: 0.3-a-32-g5962c71
     0 | D:1      | 0 ||| qw: Game counter: 7324
     0 | D:1      | 0 ||| qw: Melee chars always use a shield: true
     0 | D:1      | 0 ||| qw: God list: Okawaru
     0 | D:1      | 0 ||| qw: Allow faded altars: false
     0 | D:1      | 0 ||| qw: Do Orc after clearing Dungeon:15 true
     0 | D:1      | 0 ||| qw: Do second Lair branch before Depths: true
     0 | D:1      | 0 ||| qw: Lair rune preference: random
     0 | D:1      | 0 ||| qw: Goals: Normal, Zot:1-4, Slime:5, God:TSO, Crypt,
                  | Tomb, Abyss, Pan, Hells, Win
     0 | D:1      | 0 ||| PLANNING D:1-11
    57 | D:1      | Reached skill level 2 in Axes
    64 | D:1      | 64 ||| Stepping ~*~*~tactically~*~*~ (stealth).
    65 | D:1      | 65 ||| Stepping ~*~*~tactically~*~*~ (stealth).
    87 | D:1      | Reached XP level 2. HP: 19/19 MP: 2/2
   417 | D:1      | 417 ||| Stepping ~*~*~tactically~*~*~ (stealth).
   478 | D:1      | 478 ||| Stepping ~*~*~tactically~*~*~ (stealth).
   482 | D:1      | Reached skill level 3 in Axes
   507 | D:1      | Reached XP level 3. HP: 23/23 MP: 3/3
   511 | D:1      | 511 ||| Stepping ~*~*~tactically~*~*~ (stealth).
   545 | D:1      | 545 ||| DROPPING +0 club.
   693 | D:1      | 693 ||| UPGRADING to amulet of reflection.
   698 | D:1      | 698 ||| READING 2 scrolls labelled VYQ ETWAOTIPH.
   699 | D:1      | 699 ||| READING scroll labelled YWKUBY LAMORR.
   700 | D:1      | 700 ||| READING scroll labelled XITYGO FYWILU.
  1294 | D:2      | Reached XP level 4. HP: 22/28 MP: 4/4
  1352 | D:2      | 1352 ||| DROPPING +0 whip.
  1426 | D:2      | 1426 ||| Stepping ~*~*~tactically~*~*~ (stealth).
  1485 | D:2      | HP: 6/28 [gnoll/+0 spear (6)]
  1489 | D:2      | Reached skill level 4 in Axes
  1760 | D:2      | 1760 ||| UPGRADING to scarf of resistance.
  1765 | D:2      | 1765 ||| READING scroll labelled TILLAF ZATUYN.
  1766 | D:2      | 1766 ||| READING scroll labelled PEFEUW EPUO.
  1767 | D:2      | 1767 ||| READING scroll labelled JEFOORR QIANA.
  1768 | D:2      | 1768 ||| DRINKING 2 gluggy blue potions.
  1769 | D:2      | 1769 ||| DRINKING 2 glowing clear potions.
  1770 | D:2      | 1770 ||| READING 5 scrolls of identify.
  1770 | D:2      | 1770 ||| IDENTIFYING metallic grey potion
  1771 | D:2      | 1771 ||| READING 4 scrolls of identify.
  1771 | D:2      | 1771 ||| IDENTIFYING viscous green potion
  1772 | D:2      | 1772 ||| DROPPING potion of brilliance.
  1810 | D:3      | Found a faded altar of an unknown god.
  1811 | D:3      | 1811 ||| PLANNING SEWER
  2120 | D:3      | 2120 ||| Stepping ~*~*~tactically~*~*~ (hiding).
  2122 | D:3      | 2122 ||| Stepping ~*~*~tactically~*~*~ (hiding).
  2240 | D:3      | Found a runed translucent door.
  2244 | D:3      | Noticed qw's ghost (weakling DEHu)
  2452 | D:3      | 2452 ||| RIP SEWER
  2453 | D:3      | 2453 ||| PLANNING D:1-11
  2736 | D:3      | Found a runed translucent door.
  2736 | D:3      | Noticed a bullfrog
  2803 | D:3      | Reached XP level 5. HP: 20/32 MP: 5/5
  2881 | D:3      | 2881 ||| Stepping ~*~*~tactically~*~*~ (water).
  3100 | D:3      | 3100 ||| UPGRADING to +5 ring of evasion.
  3101 | D:3      | 3101 ||| READING scroll labelled MAFONU ATUFEUW.
  3202 | D:3      | 3202 ||| READING scroll labelled JAKHLU TYZENEX.
  3203 | D:3      | 3203 ||| READING 3 scrolls labelled NIZORI MAOSTROLOG.
  3204 | D:3      | 3204 ||| READING scroll labelled ISI GAAG DIFF.
  3209 | D:3      | 3209 ||| READING scroll labelled UTWU HEFOV AGG.
  3210 | D:3      | 3210 ||| DROPPING 2 scrolls of poison.
  3303 | D:4      | 3303 ||| Stepping ~*~*~tactically~*~*~ (stealth).
  3308 | D:4      | Noticed Eustachio
  3331 | D:4      | Killed Eustachio
  3332 | D:4      | Reached skill level 5 in Axes
  3332 | D:4      | Reached XP level 6. HP: 22/37 MP: 6/6
  3396 | D:4      | 3396 ||| Stepping ~*~*~tactically~*~*~ (stealth).
  3445 | D:4      | 3445 ||| Stepping ~*~*~tactically~*~*~ (stealth).
  3447 | D:4      | 3447 ||| Stepping ~*~*~tactically~*~*~ (stealth).
  3527 | D:4      | 3527 ||| Stepping ~*~*~tactically~*~*~ (stealth).
  3724 | D:4      | Reached skill level 1 in Dodging
  3824 | D:4      | 3824 ||| READING scroll labelled RUTOESUPNU.
  3825 | D:4      | 3825 ||| DRINKING 2 fuming sapphire potions.
  3854 | D:5      | Entered Level 5 of the Dungeon
  3916 | D:5      | Noticed an ice beast
  3925 | D:5      | Killed an ice beast
  3926 | D:5      | Reached skill level 6 in Axes
  3926 | D:5      | Reached XP level 7. HP: 43/43 MP: 7/7
  4097 | D:5      | 4097 ||| Stepping ~*~*~tactically~*~*~ (stealth).
  4108 | D:5      | Reached skill level 7 in Axes
  4454 | D:5      | Reached XP level 8. HP: 49/49 MP: 8/8
  4465 | D:5      | Found a glowing golden altar of the Shining One.
  4629 | D:5      | 4629 ||| READING scroll labelled LEAKIA OMEIHOR.
  4913 | D:5      | 4913 ||| Stepping ~*~*~tactically~*~*~ (hiding).
  4922 | D:5      | Reached skill level 8 in Axes
  5024 | D:5      | 5024 ||| READING 6 scrolls of identify.
  5024 | D:5      | 5024 ||| IDENTIFYING fuming silvery potion
  5183 | D:6      | 5183 ||| DROPPING +0 mace.
  5333 | D:6      | 5333 ||| DROPPING +0 flail.
  5411 | D:6      | 5411 ||| Stepping ~*~*~tactically~*~*~ (hiding).
  5413 | D:6      | Noticed Grinder
  5416 | D:6      | Paralysed by Grinder for 4 turns
  5423 | D:6      | Reached skill level 6 in Fighting
  5423 | D:6      | Paralysed by Grinder for 5 turns
  5445 | D:6      | Killed Grinder
  5562 | D:6      | 5562 ||| Stepping ~*~*~tactically~*~*~ (stealth).
  5575 | D:6      | 5575 ||| Stepping ~*~*~tactically~*~*~ (stealth).
  5603 | D:6      | Reached skill level 9 in Axes
  5614 | D:6      | Noticed Maggie
  5631 | D:6      | Killed Maggie
  5632 | D:6      | Reached XP level 9. HP: 46/56 MP: 9/9
  5857 | D:6      | 5857 ||| UPGRADING to +0 chain mail.
  5867 | D:6      | 5867 ||| DROPPING +0 scale mail.
  5868 | D:6      | 5868 ||| READING scroll labelled EQY RIRUPTEDU.
  5888 | D:7      | 5888 ||| Stepping ~*~*~tactically~*~*~ (stealth).
  5891 | D:7      | 5891 ||| Stepping ~*~*~tactically~*~*~ (stealth).
  5997 | D:7      | 5997 ||| Stepping ~*~*~tactically~*~*~ (stealth).
  6008 | D:7      | Found a staircase to the Ecumenical Temple.
  6009 | D:7      | 6009 ||| PLANNING TEMPLE
  6009 | D:7      | 6009 ||| UPGRADING to +0 plate armour.
  6019 | D:7      | 6019 ||| DROPPING +0 chain mail.
  6020 | D:7      | 6020 ||| READING scroll of enchant armour.
  6020 | D:7      | 6020 ||| ENCHANTING +0 plate armour.
  6025 | D:7      | 6025 ||| Stepping ~*~*~tactically~*~*~ (stealth).
  6029 | Temple   | Entered the Ecumenical Temple
  6030 | Temple   | 6030 ||| PLANNING OKAWARU WORSHIP
  6289 | Temple   | Became a worshipper of Warmaster Okawaru
  6290 | Temple   | 6290 ||| PLANNING D:1-11
  6300 | D:7      | 6300 ||| Stepping ~*~*~tactically~*~*~ (hiding).
  6434 | D:7      | 6434 ||| Stepping ~*~*~tactically~*~*~ (hiding).
  6477 | D:7      | 6477 ||| Stepping ~*~*~tactically~*~*~ (stealth).
  6479 | D:7      | 6479 ||| Stepping ~*~*~tactically~*~*~ (hiding).
  6569 | D:7      | 6569 ||| Stepping ~*~*~tactically~*~*~ (stealth).
  6632 | D:7      | 6632 ||| Stepping ~*~*~tactically~*~*~ (hiding).
  6643 | D:7      | Reached * piety under Okawaru
  6644 | D:7      | Reached skill level 10 in Axes
  6699 | D:7      | 6699 ||| UPGRADING to +0 kite shield.
  6709 | D:7      | 6709 ||| DROPPING +0 buckler.
  6710 | D:7      | 6710 ||| UPGRADING to +1 kite shield of fire resistance.
  6720 | D:7      | 6720 ||| DROPPING +0 kite shield.
  6737 | D:7      | 6737 ||| Stepping ~*~*~tactically~*~*~ (water).
  6751 | D:7      | Reached skill level 1 in Invocations
  6823 | D:7      | 6823 ||| Stepping ~*~*~tactically~*~*~ (stealth).
  6824 | D:7      | 6824 ||| Stepping ~*~*~tactically~*~*~ (stealth).
  6833 | D:7      | 6833 ||| INVOKING Heroism.
  6839 | D:7      | Reached XP level 10. HP: 60/63 MP: 8/11
  6845 | D:7      | Reached skill level 6 in Shields
  6850 | D:7      | 6850 ||| FLEEEEING.
  6851 | D:7      | 6851 ||| FLEEEEING.
  6852 | D:7      | 6852 ||| FLEEEEING.
  6853 | D:7      | 6853 ||| FLEEEEING.
  6854 | D:7      | 6854 ||| FLEEEEING.
  6855 | D:7      | 6855 ||| FLEEEEING.
  6856 | D:7      | 6856 ||| FLEEEEING.
  6857 | D:7      | 6857 ||| FLEEEEING.
  6859 | D:7      | 6859 ||| FLEEEEING.
  6860 | D:7      | 6860 ||| FLEEEEING.
  6861 | D:7      | 6861 ||| FLEEEEING.
  6865 | D:7      | 6865 ||| STAIRDANCE
  6870 | D:7      | 6870 ||| STAIRDANCE
  6872 | D:6      | 6872 ||| DRINKING 2 potions of curing.
  6872 | D:6      | 6872 ||| (to cure confusion)
  6875 | D:7      | 6875 ||| STAIRDANCE
  6877 | D:7      | 6877 ||| DRINKING potion of curing.
  6877 | D:7      | 6877 ||| (to cure confusion)
  6928 | D:7      | Reached skill level 3 in Invocations
  6934 | D:7      | 6934 ||| INVOKING Heroism.
  6977 | D:7      | 6977 ||| Stepping ~*~*~tactically~*~*~ (stealth).
  7003 | D:7      | 7003 ||| Stepping ~*~*~tactically~*~*~ (stealth).
  7020 | D:7      | 7020 ||| Stepping ~*~*~tactically~*~*~ (stealth).
  7022 | D:7      | 7022 ||| Stepping ~*~*~tactically~*~*~ (hiding).
  7026 | D:7      | 7026 ||| INVOKING Heroism.
  7037 | D:7      | 7037 ||| Stepping ~*~*~tactically~*~*~ (hiding).
  7186 | D:7      | 7186 ||| Stepping ~*~*~tactically~*~*~ (stealth).
  7187 | D:7      | 7187 ||| Stepping ~*~*~tactically~*~*~ (stealth).
  7257 | D:7      | Reached skill level 1 in Throwing
  7260 | D:7      | 7260 ||| INVOKING Heroism.
  7261 | D:7      | 7261 ||| Stepping ~*~*~tactically~*~*~ (water).
  7283 | D:7      | 7283 ||| Stepping ~*~*~tactically~*~*~ (hiding).
  7317 | D:7      | 7317 ||| Stepping ~*~*~tactically~*~*~ (stealth).
  7325 | D:7      | 7325 ||| INVOKING Heroism.
  7348 | D:7      | Reached ** piety under Okawaru
  7364 | D:7      | 7364 ||| Stepping ~*~*~tactically~*~*~ (stealth).
  7365 | D:7      | 7365 ||| Stepping ~*~*~tactically~*~*~ (stealth).
  7383 | D:7      | 7383 ||| INVOKING Heroism.
  7418 | D:7      | 7418 ||| Stepping ~*~*~tactically~*~*~ (stealth).
  7498 | D:7      | 7498 ||| Stepping ~*~*~tactically~*~*~ (stealth).
  7505 | D:7      | 7505 ||| Stepping ~*~*~tactically~*~*~ (hiding).
  7555 | D:7      | Identified the +5 rapier of the Tired Xalams {distort, Fly
                  | rElec rC- Str+2}
  7564 | Abyss:1  | Found a corrupted altar of Lugonu.
  7564 | Abyss:1  | Cast into level 1 of the Abyss (gnoll)
  7598 | Abyss:1  | Found a corrupted altar of Lugonu.
  7622 | Abyss:1  | 7622 ||| Stepping ~*~*~tactically~*~*~ (stealth).
  7636 | Abyss:1  | Reached skill level 9 in Shields
  7637 | Abyss:1  | Noticed a hell knight
  7637 | Abyss:1  | 7637 ||| Stepping ~*~*~tactically~*~*~ (stealth).
  7650 | Abyss:1  | Noticed a hell knight
  7651 | Abyss:1  | 7651 ||| Stepping ~*~*~tactically~*~*~ (hiding).
  7653 | Abyss:1  | 7653 ||| Stepping ~*~*~tactically~*~*~ (hiding).
  7656 | Abyss:1  | 7656 ||| INVOKING Heroism.
  7670 | Abyss:1  | 7670 ||| INVOKING Heroism.
  7674 | Abyss:1  | HP: 9/63 [hell knight/+5 great mace (21)]
  7675 | Abyss:1  | 7675 ||| READING 3 scrolls of teleportation.
  7677 | Abyss:1  | Killed a hell knight
  7678 | Abyss:1  | Reached skill level 6 in Armour
  7735 | Abyss:2  | 7735 ||| INVOKING Heroism.
  7817 | Abyss:2  | 7817 ||| Stepping ~*~*~tactically~*~*~ (stealth).
  7818 | Abyss:2  | 7818 ||| Stepping ~*~*~tactically~*~*~ (stealth).
  7826 | Abyss:2  | Noticed a cacodemon
  7828 | Abyss:2  | Noticed a sixfirhy
  7830 | Abyss:2  | 7830 ||| INVOKING Heroism.
  7851 | Abyss:2  | Gained mutation: Your magical capacity is low. (-10% MP) [a
                  | cacodemon]
  7852 | Abyss:2  | Noticed a starcursed mass
  7855 | Abyss:2  | Gained mutation: You are weak. (Str -2) [a cacodemon]
  7857 | Abyss:2  | HP: 12/63 [cacodemon (9)]
  7858 | Abyss:2  | 7858 ||| READING 2 scrolls of teleportation.
  7859 | Abyss:2  | HP: 1/63 [cacodemon (11)]
  7865 | Abyss:2  | 7865 ||| INVOKING Heroism.
  7900 | Abyss:2  | 7900 ||| Stepping ~*~*~tactically~*~*~ (stealth).
  8004 | Abyss:2  | 8004 ||| INVOKING Heroism.
  8015 | Abyss:2  | 8015 ||| Stepping ~*~*~tactically~*~*~ (stealth).
  8015 | Abyss:2  | Noticed a starcursed mass
  8016 | Abyss:2  | 8016 ||| Stepping ~*~*~tactically~*~*~ (hiding).
  8017 | Abyss:2  | 8017 ||| Stepping ~*~*~tactically~*~*~ (hiding).
  8022 | Abyss:2  | Paralysed by accursed screaming for 1 turns
  8026 | Abyss:2  | HP: 13/64 [starcursed mass/accursed screaming (6)]
  8027 | Abyss:2  | 8027 ||| READING scroll of teleportation.
  8030 | Abyss:2  | Slain by a vampire

Levels and vault maps discovered:
D:1:      heliophobic_arrival_henge, layout_loops_ring, grunt_decor_arrowhead
D:2:      layout_loops_corners, cheibrodos_gnoll_hut
D:3:      minmay_razor_zed, layout_basic, nicolae_ecumenical_oubliette,
          ebering_ghost_sewer_f, gup_sewer_entry_spiral,
          kennysheep_generic_room_9
D:4:      layout_rooms, nicolae_concentric_dashed_squares_mild, uniq_eustachio
D:5:      layout_loops_corners, nicolae_tso_carved_into_rock, minmay_puff
D:6:      layout_basic, glass_columns_a, uniq_grinder, uniq_maggie
D:7:      lemuel_castle_with_subvaults [lemuel_castle_interior_carwin_1],
          layout_cave_pools, temple_green, minmay_manual_moon
Temple:   nicolae_temple_the_god_donut
Abyss:2:  base: D:7, base: D:2, hangedman_abyss_or_decor_jellyfish_corner

Skill      XL: |  1  2  3  4  5  6  7  8  9 10 |
---------------+-------------------------------+-----
Axes           | 2 3 4 5 6 7 9 10 | 10.1
Fighting       | 4 5 6 7 |  7.8
Dodging        | 1 |  1.0
Shields        | 5 9 |  9.0
Armour         | 5 6 |  6.3
Invocations    | 2 4 |  4.1
Throwing       | 1 |  1.1

Action                     |  1- 3 |  4- 6 |  7- 9 | 10-12 || total
---------------------------+-------+-------+-------+-------++-------
  Melee: War axe           |   106 |   192 |   321 |   278 ||   897
  Throw: Boomerang         |       |       |       |    16 ||    16
 Invoke: Heroism           |       |       |     1 |    11 ||    12
    Use: Scroll            |     3 |    11 |     4 |     3 ||    21
         Potion            |       |     3 |       |     2 ||     5
 Armour: Scale mail        |    57 |    82 |    85 |       ||   224
         Plate armour      |       |       |    63 |    90 ||   153
         Chain mail        |       |       |     6 |       ||     6
  Dodge: Dodged            |    34 |   100 |   176 |    69 ||   379
  Block: Buckler           |    20 |    94 |   145 |       ||   259
         Reflection        |       |       |    14 |       ||    14
         Kite shield       |       |       |    32 |   183 ||   215

Table legend:
 A = Non-vault XP
 B = Vault XP
 C = Vault XP percentage of total XP
 D = Non-vault monster count
 E = Vault monster count
 F = Vault count percentage of total count
                 A         B        C        D         E       F
            +---------+---------+-------+---------+---------+-------
      Total |    4121 |    4804 |  53.8 |     128 |      80 |  38.5
            +---------+---------+-------+---------+---------+-------
        D:1 |      40 |       0 |   0.0 |      22 |       0 |   0.0
        D:2 |      54 |      19 |  26.0 |      16 |       3 |  15.8
        D:3 |      13 |      63 |  82.9 |       7 |      18 |  72.0
        D:4 |     194 |     191 |  49.6 |      17 |       1 |   5.6
        D:5 |     687 |     232 |  25.2 |      17 |       4 |  19.0
        D:6 |     573 |     629 |  52.3 |      15 |       2 |  11.8
        D:7 |    1071 |    3670 |  77.4 |      29 |      52 |  64.2
    Abyss:1 |     948 |       0 |   0.0 |       2 |       0 |   0.0
    Abyss:2 |     541 |       0 |   0.0 |       3 |       0 |   0.0
            +---------+---------+-------+---------+---------+-------
